 Dungeon Crawl Stone Soup version 0.32-a0-931-g5a2cda0630 (webtiles) character file.

Game seed: 873338201014037962

4026 Decritt the Fighter (level 10, -3/102 HPs)
             Began as a Gargoyle Fighter on Apr 13, 2024.
             Was a Follower of Ru.
             Slain by an orc warrior
             ... wielding a +0 dire flail
              (6 damage)
             ... on level 7 of the Dungeon.
             The game lasted 00:23:54 (6532 turns).

Decritt the Fighter (Gargoyle Fighter)              Turns: 6532, Time: 00:23:54

Health: -3/102     AC: 25    Str: 24    XL:     10   Next: 24%
Magic:  10/10      EV:  2    Int: 15    God:    Ru [*.....]
Gold:   304        SH:  0    Dex:  9    Spells: 9/9 levels left

rFire   . . .        n - +6 hand axe of Otabalyu {flame, *Slow +Blink Stlth+}
rCold   . . .        c - +0 buckler
rNeg    + . .        f - melded +0 plate armour
rPois   ∞            h - melded +0 helmet
rElec   .            (cloak currently unavailable)
rCorr   .            (gloves currently unavailable)
SInv    .            (boots currently unavailable)
Will    .....        (no amulet)
Stlth   ++           p - +6 ring of intelligence
HPRegen 0.37/turn    (no ring)
MPRegen 0.12/turn

%: slow self (1%)
@: confused, tree-form (expiring), hasted, very quick
A: stationary, stasis, torment immunity, boosted hp, sickness immunity, AC +7,
negative energy resistance 1, (electricity resistance), torment resistance 1,
petrification resistance, no earth magic, no alchemy magic, no translocations
magic
a: Renounce Religion, Evoke Blink


You were on level 7 of the Dungeon.
You worshipped Ru.
Ru was aware of your devotion.
You were a tree.
You visited 1 branch of the dungeon, and saw 7 of its levels.
You also visited: Sewer and Ossuary.

You collected 304 gold pieces.

Inventory:

Hand Weapons
 a - a +0 flail
 n - the +6 hand axe of Otabalyu (weapon) {flame, *Slow +Blink Stlth+}
   (You found it on level 3 of the Dungeon)

   +Blink:    It lets you blink.
   *Slow:     It may slow you when you take damage.
   Stlth+:    It makes you more stealthy.
Missiles
 y - a throwing net (quivered)
Armour
 c - a +0 buckler (worn)
 f - a +0 plate armour (melded)
 h - a +0 helmet (melded)
Jewellery
 p - a +6 ring of intelligence (left branch)
Talismans
 b - a maw talisman
Wands
 d - a wand of warping (7)
 l - a wand of flame (21)
Scrolls
 g - 2 scrolls of poison
 j - a scroll of fog
 m - 2 scrolls of silence
 q - 2 scrolls of revelation
 r - a scroll of acquirement {unknown}
 s - a scroll of vulnerability {unknown}
 v - 2 scrolls of teleportation
Potions
 e - 2 potions of mutation
 i - a potion of lignification
 k - 4 potions of invisibility
 t - 2 potions of resistance
 u - 3 potions of attraction


   Skills:
 * Level 9.9 Fighting
 * Level 8.7 Maces & Flails
 + Level 7.1 Armour
 + Level 7.1 Shields


You had 9 spell levels left.
You didn't know any spells.
Your spell library contained the following spells:

 Spells                   Type           Power      Damage    Failure   Level
 Blink                    Tloc           Unusable   N/A       N/A         2
 Lesser Beckoning         Tloc           Unusable   N/A       N/A         2
 Momentum Strike          Conj/Tloc      Unusable   3d8       N/A         2
 Passwall                 Erth           Unusable   N/A       N/A         3
 Volatile Blastmotes      Fire/Tloc      Unusable   2d10      N/A         3
 Vhi's Electric Charge    Tloc/Air       Unusable   N/A       N/A         4
 Bombard                  Conj/Erth      Unusable   9d1       N/A         6

Dungeon Overview and Level Annotations

Branches:
Dungeon (7/15)             Temple (0/1) D:7           Sewer (visited)
Ossuary (visited)

Altars:
Nemelex Xobeh
Ru

Shops:
D:1 =

Annotations:
D:2 Terence
D:7 1 transporter


Innate Abilities, Weirdness & Mutations

You are a tree.
Your roots penetrate the ground, keeping you stationary.
You cannot be teleported.
You are immune to unholy pain and torment.
Your maximum health is greatly increased.
Your equipment is partially melded.
You are immune to sickness and miasma.
((Your stone body is resilient. (AC +7)))
You are immune to poison.
You resist negative energy. (rN+)
((You are resistant to electric shocks. (rElec)))
You are resistant to unholy torment.
You are immune to petrification.
You cannot study or cast Earth magic.
You cannot study or cast Alchemy magic.
You cannot study or cast Translocations magic.


Message History

A stone appears from out of your range of vision.
The stone hits your killer bee. You block the orc warrior's attack.
Something hits you but does no damage. Something bites you.
* * * LOW HITPOINT WARNING * * *
You block the orc warrior's attack.
A stone appears from out of your range of vision.
The stone misses your killer bee.
The ice beast barely misses something.
Your killer bee barely misses the orc warrior.
You hear some strange, mumbled words.
You are confused.
You cannot move. (Use ctrl+direction or * direction to attack while stationary and confused.)
Your killer bee barely misses the orc warrior.
Your orc wizard hits the orc warrior but does no damage.
The ice beast misses something.
The orc warrior barely misses you. Something hits you!
* * * LOW HITPOINT WARNING * * *
Something bites you but does no damage.
Your transformation is almost over.
Your killer bee barely misses something.
Your killer bee stings something but does no damage.
Your orc hits the ice beast with a +0 flail.
Your killer bee closely misses something.
Something blocks your killer bee's attack.
Your orc wizard closely misses something.
Something hits your killer bee!
Something closely misses your killer bee.
An orc warrior comes into view.
It is wielding a +2 morningstar of pain.
The orc warrior barely misses you.
The ice beast hits something.
The ice beast freezes something!
Your killer bee closely misses something.
Your killer bee barely misses something.
Your killer bee stings something but does no damage.
Your killer bee misses something.
You hear some strange, mumbled words.
Your killer bee struggles to resist.
Your orc wizard barely misses the orc warrior.
Your orc hits the ice beast with a +0 flail.
The orc warrior hits you with a +0 dire flail.
You die...
Ru respects your ultimate sacrifice.

.#.....# ..>
#...#... ......#
o#........©.
#........#..########
#o...#.. #..#..WZ...
#..yo' ...#....... #
#y#y# #..##.#yoy#
......oY{o#
#.##..#.#♣# #. #.#.#
#. #.#<# #. #.### #.
#.# . ..# #.#


You could see 2 orc warriors, an ice beast, 5 friendly killer bees, a friendly
orc wizard (summoned) and 2 friendly orcs.

Vanquished Creatures
  A hornet (D:7)
  Grinder (D:3)
  A shadow (D:7)
  Sigmund (D:4)
  Menkaure (D:4)
  A water moccasin (D:5)
  An orc warrior (D:7)
  4 ice beasts (D:7)
  A black bear (D:4)
  A sky beast (D:7)
  2 centaurs
  3 elf zombies (Ossuary)
  A phantom (D:5)
  A weeping skull (Ossuary)
  7 kobold brigands
  2 bullfrogs (D:7)
  A scorpion (D:5)
  A gnoll sergeant (D:7)
  2 howler monkeys (D:7)
  3 bombardier beetles
  A jelly (D:5)
  A gnoll bouda (D:7)
  3 human zombies (Ossuary)
  5 hounds
  4 iguanas
  2 orc wizards
  A crocodile zombie (Ossuary)
  3 mummies (Ossuary)
  Robin (D:4)
  9 gnolls (D:7)
  3 river rats (Sewer)
  13 adders
  3 shadow imps
  4 white imps
  An ufetubus (D:7)
  6 adder zombies (Ossuary)
  2 dart slugs
  16 orcs
  10 endoplasms
  9 giant cockroaches
  9 hobgoblins
  6 jackals
  34 kobolds
  3 quokkas
  11 ball pythons
  2 ball python zombies (Ossuary)
  4 bats
  7 frilled lizards
  4 gnoll zombies (Ossuary)
  17 goblins
  4 jackal zombies (Ossuary)
  6 kobold zombies (Ossuary)
  An orc zombie (Ossuary)
  25 rats
266 creatures vanquished.

Notes
Turn   | Place    | Note
-------+----------+-------------------------------------------
     0 | D:1      | Decritt the Gargoyle Fighter began the quest for the Orb.
     0 | D:1      | Reached XP level 1. HP: 14/14 MP: 1/1
    50 | D:1      | Reached XP level 2. HP: 19/19 MP: 2/2
   182 | D:1      | Found Geylaosk's Jewellery Shop.
   240 | D:1      | Reached XP level 3. HP: 24/24 MP: 3/3
   773 | D:2      | Reached skill level 4 in Fighting
   806 | D:2      | Noticed Terence
  1004 | D:2      | Reached XP level 4. HP: 28/29 MP: 4/4
  1841 | D:3      | Identified the +6 hand axe of Otabalyu {flame, *Slow +Blink
                  | Stlth+}
  1859 | D:3      | Noticed Grinder
  1867 | D:3      | Paralysed by Grinder for 3 turns
  1875 | D:3      | Reached XP level 5. HP: 23/34 MP: 5/5
  1880 | D:3      | Killed Grinder
  1881 | D:3      | Reached skill level 5 in Fighting
  1881 | D:3      | Reached XP level 6. HP: 16/40 MP: 6/6
  2159 | D:3      | Found a sparkling altar of Nemelex Xobeh.
  2409 | D:4      | Noticed Robin
  2420 | D:4      | Killed Robin
  2536 | D:4      | Found a sand-covered staircase.
  2553 | Ossuary  | Entered an ossuary
  2591 | Ossuary  | Reached XP level 7. HP: 32/45 MP: 7/7
  2657 | Ossuary  | Reached skill level 6 in Fighting
  2712 | Ossuary  | Reached skill level 5 in Maces & Flails
  2834 | Ossuary  | Reached skill level 5 in Armour
  2892 | D:4      | Reached skill level 5 in Shields
  2892 | D:4      | Reached XP level 8. HP: 48/52 MP: 8/8
  2903 | D:4      | Found a glowing drain.
  2924 | Sewer    | Entered a sewer
  3184 | Sewer    | Reached skill level 7 in Fighting
  3544 | D:4      | Found a sacrificial altar of Ru.
  3739 | D:4      | Became a worshipper of Ru the Awakened
  3812 | D:4      | Noticed Sigmund
  3831 | D:4      | Killed Sigmund
  3871 | D:4      | Noticed Menkaure
  3877 | D:4      | Killed Menkaure
  3878 | D:4      | Reached XP level 9. HP: 45/59 MP: 9/9
  4248 | D:5      | Entered Level 5 of the Dungeon
  4258 | D:5      | Reached skill level 8 in Fighting
  5175 | D:6      | Gained mutation: You cannot study or cast Earth magic. [Ru
                  | sacrifice]
  5175 | D:6      | Gained mutation: You cannot study or cast Alchemy magic.
                  | [Ru sacrifice]
  5175 | D:6      | Gained mutation: You cannot study or cast Translocations
                  | magic. [Ru sacrifice]
  5175 | D:6      | Reached * piety under Ru
  5869 | D:7      | Found a staircase to the Ecumenical Temple.
  5884 | D:7      | Reached skill level 9 in Fighting
  6100 | D:7      | Reached XP level 10. HP: 60/66 MP: 10/10
  6363 | D:7      | Found a transporter.
  6366 | D:7      | Noticed a cyclops
  6529 | D:7      | HP: 3/102 [something (8)]
  6532 | D:7      | Slain by an orc warrior

Illustrated notes

Levels and vault maps discovered:
D:1:      dpeg_arrival_refuge, layout_loops_ring, serial_forest,
          infiniplex_forest_corner_1, infiniplex_forest_clump_curved,
          infiniplex_forest_lined_ring, infiniplex_forest_clump_medium,
          infiniplex_forest_corner_1, infiniplex_forest_lined_ring,
          serial_shops, shop_fountains
D:2:      layout_rooms, serial_park_tiny_2, uniq_terence
D:3:      cheibrodos_old_hovel, layout_basic, nicolae_overflow_crystal_walls,
          serial_park_tiny_1, minmay_cupped, uniq_grinder
D:4:      layout_loops_cross, nicolae_ru_great_annihilating_truth,
          enter_ossuary_1, gup_sewer_entry_glass, uniq_menkaure, uniq_sigmund,
          uniq_robin
D:5:      layout_basic
D:6:      layout_basic
D:7:      minmay_the_grid_square_5x5_3x3
          [minmay_the_grid_square_5x5_sharp_hourglass,
          minmay_the_grid_square_5x5_intrusive_squares,
          minmay_the_grid_square_5x5_spiral_small, minmay_the_grid_square_5x5_v,
          minmay_the_grid_square_5x5_megaprize_checkered,
          minmay_the_grid_square_5x5_lines,
          minmay_the_grid_square_5x5_tetrominoes,
          minmay_the_grid_square_5x5_mess, minmay_the_grid_square_5x5_shuriken],
          layout_basic, gammafunk_temple_of_torment,
          minmay_temple_entry_from_below_b, hex_tiny

Skill      XL: |  1  2  3  4  5  6  7  8  9 10 |
---------------+-------------------------------+-----
Fighting       | 4 5 6 7 9 |  9.9
Maces & Flails | 3 4 5 6 8 |  8.7
Armour         | 4 5 6 7 |  7.1
Shields        | 4 5 6 7 |  7.1

Action                     |  1- 3 |  4- 6 |  7- 9 | 10-12 || total
---------------------------+-------+-------+-------+-------++-------
  Melee: Flail             |     4 |    74 |       |       ||    78
         Whip              |   134 |     9 |       |       ||   143
         Hand axe          |       |    74 |   364 |    65 ||   503
         Maw               |       |       |     2 |       ||     2
 Invoke: Sacrifice Arcana  |       |       |     1 |       ||     1
  Evoke: Wand              |       |       |     6 |       ||     6
    Use: Scroll            |       |     4 |     9 |     1 ||    14
         Potion            |       |     1 |     2 |     3 ||     6
   Stab: Sleeping          |       |       |     3 |       ||     3
         Paralysed         |       |       |     1 |       ||     1
 Armour: Scale mail        |    58 |       |       |       ||    58
         Chain mail        |    18 |   149 |   198 |       ||   365
         Skin              |       |       |     3 |    25 ||    28
         Plate armour      |       |       |   137 |    91 ||   228
  Dodge: Dodged            |    62 |    58 |   117 |    23 ||   260
  Block: Buckler           |    23 |    27 |    80 |    26 ||   156
         Form:             |       |       |     1 |       ||     1
         Maw               |       |       |     1 |       ||     1

Table legend: (Time is in decaauts)
 A = Elapsed time spent in this place.
 B = Non-inter-level travel time spent in this place.
 C = Inter-level travel time spent in this place.
 D = Time resting spent in this place.
 E = Time spent auto-exploring this place.
 F = Levels seen in this place.
 G = Mean time per level.
                   A        B        C        D        E       F      G
               +--------+--------+--------+--------+--------+-----+--------+
         Total |   6657 |   6246 |    411 |    617 |   3737 |   9 |  739.7 |
       Dungeon |   5747 |   5336 |    411 |    558 |   3330 |   7 |  821.0 |
         Sewer |    561 |    561 |      0 |     29 |    333 |   1 |  561.0 |
       Ossuary |    347 |    347 |      0 |     30 |     74 |   1 |  347.0 |
               +--------+--------+--------+--------+--------+-----+--------+

Top non-repeatable levels by time:
     D:3: 1220 daAuts
     D:4: 1025 daAuts
     D:7: 852 daAuts
     D:1: 764 daAuts
     D:5: 714 daAuts
     D:6: 622 daAuts
   Sewer: 561 daAuts
     D:2: 548 daAuts
 Ossuary: 347 daAuts
